 Dungeon Crawl Stone Soup version 0.24.1-8-ga250c9d538 (webtiles) character file.

Game seed: 951002525393014159, levelgen mode: deterministic

1274 zlopeckanka the Geomancer (level 8, -12/52 HPs)
             Began as a Vampire Earth Elementalist on May 1, 2020.
             Was a Follower of Ashenzari.
             Mangled by releu's ghost (18 damage)
             ... on level 5 of the Dungeon.
             The game lasted 00:27:42 (4822 turns).

zlopeckanka the Geomancer (VpEE)                    Turns: 4822, Time: 00:27:43

Health: -12/52     AC:  4    Str:  7    XL:     8   Next: 28%
Magic:  6/16       EV: 13    Int: 19    God:    Ashenzari [*.....]
Gold:   247        SH:  0    Dex: 15    Spells: 14/18 levels left

rFire    . . .     SeeInvis +   d - +0 hand axe
rCold    . . .     Gourm    .   (no shield)
rNeg     . . .     Faith    .   c - +0 robe
rPois    .         Spirit   .   (no helmet)
rElec    .         Reflect  .   w - +0 cloak
rCorr    .         Harm     .   l - +0 pair of gloves
MR       .....                  (no boots)
Stlth    ++........             (no amulet)
HPRegen  0.37/turn              (no ring)
MPRegen  0.15/turn              (no ring)

@: regenerating quickly
A: no food, fangs 3, see invisible, unbreathing
a: Exsanguinate, Curse Item, Scrying, Renounce Religion


You were on level 5 of the Dungeon.
You worshipped Ashenzari.
Ashenzari was aware of your devotion.
You were alive.

You visited 1 branch of the dungeon, and saw 5 of its levels.

You collected 247 gold pieces.

Inventory:

Hand Weapons
 d - a +0 hand axe (weapon)
 i - a +0 dagger
 y - a +1 trident of distortion
Missiles
 b - 42 stones
 f - 63 sling bullets
 g - 29 bolts
 v - 20 poisoned darts (quivered)
Armour
 c - a +0 robe (worn)
 l - a +0 pair of gloves (worn)
 w - a +0 cloak (worn)
Jewellery
 q - an uncursed ring of fire
Scrolls
 a - 3 scrolls of identify {unknown}
 e - a scroll of fog {unknown}
 h - 2 scrolls of teleportation {unknown}
 j - 3 scrolls of remove curse
 r - 2 scrolls of random uselessness {unknown}
Potions
 k - a potion of might {unknown}
 m - 2 potions of agility {unknown}
 n - 2 potions of mutation {unknown}
 o - a potion of lignification {unknown}
 p - a potion of brilliance {unknown}
 s - a potion of haste {unknown}
 t - a potion of curing {unknown}
 u - 2 potions of resistance {unknown}
 x - a potion of experience {unknown}
 z - a potion of flight {unknown}


   Skills:
 - Level 2.1 Dodging
 - Level 3.0 Stealth
 + Level 5.5 Spellcasting
   Level 1.1 Transmutations
 * Level 8.8 Earth Magic


You had 14 spell levels left.
You knew the following spells:

 Your Spells              Type           Power        Failure   Level  Hunger
a - Sandblast             Erth           #####.       1%          1    N/A
b - Stone Arrow           Conj/Erth      ###...       6%          3    N/A

Your spell library contained the following spells:

 Spells                   Type           Power        Failure   Level  Hunger
 Passwall                 Tmut/Erth      ###.....     2%          2    N/A
 Lee's Rapid Deconstruct  Erth           #####.....   9%          5    N/A
 Petrify                  Tmut/Erth      ###.....     16%         4    N/A

Dungeon Overview and Level Annotations

Branches:
Dungeon (5/15)
 Temple: D:4-7

Altars:
Ashenzari
Dithmenos
Qazlal
Ru
Trog
Uskayaw
Wu Jian
Xom
Yredelemnul
Zin

Shops:
D:2 *

Annotations:
D:5 releu's ghost, novice GrFi


Innate Abilities, Weirdness & Mutations

You do not eat.
Your natural rate of healing is unusually fast.
You have razor-sharp teeth.
You have supernaturally acute eyesight. (SInv)
You can survive without breathing.


Message History

Casting: Sandblast (safe; 1% risk of failure)
Confirm with . or Enter, or press ? or * to list all spells.
Aiming: Sandblast (safe; 1% risk of failure)
Press: ? - help, Shift-Dir - straight line, f/p - releu's ghost
Aim: releu's ghost (lightly damaged)
The blast of sand hits releu's ghost but does no damage.
Releu's ghost is lightly damaged.
b - 43 stones Releu's ghost screams, "I'll kill anyone who wants the ORB!"
Releu's ghost closely misses you.
Casting: Sandblast (safe; 1% risk of failure)
Confirm with . or Enter, or press ? or * to list all spells.
Aiming: Sandblast (safe; 1% risk of failure)
Press: ? - help, Shift-Dir - straight line, f/p - releu's ghost
Aim: releu's ghost (lightly damaged)
The blast of sand hits releu's ghost but does no damage.
Releu's ghost is lightly damaged.
b - 42 stones Releu's ghost hits you!!
You die...

..'........+.....+..
..####.#####.....#.# ...#
#.# #.....#.# _..# #.#
.)...#.## 8..# #.# #......#
_..###'##### #......#
...##......# #......#
##.........###......#
###.....†.......@...## #
#....#.......#W#...# #
####.........#S#...#####
####....######≈#.#.#...####
#.......# #≈#...#...'..#
#.......# #≈#.###†..##.# #
#.....[.# #)#.# #.####.# .
#.....### ###≈#'###.# #.#
.###.....#
#.###...#.####.####


You could see releu's ghost and an adder.

Vanquished Creatures
  Prince Ribbit (D:5)
  A sky beast (D:5)
  2 ogres
  A centaur (D:5)
  A bullfrog (D:5)
  2 scorpions
  A jelly (D:3)
  A hound (D:3)
  An orc priest (D:3)
  Crazy Yiuf (D:4)
  A bullfrog skeleton (D:5)
  3 orc wizards
  3 worker ants (D:5)
  A hound zombie (D:5)
  A worker ant zombie (D:5)
  12 adders
  A shadow imp (D:5)
  2 adder skeletons (D:4)
  2 worms
  2 dart slugs
  5 leopard geckos
  18 orcs
  9 giant cockroaches
  9 goblins
  7 hobgoblins
  17 jackals
  5 quokkas
  4 ball pythons
  6 bats
  7 frilled lizards
  A jackal skeleton (D:4)
  7 kobolds
  7 rats
142 creatures vanquished.

Notes
Turn   | Place    | Note
-------+----------+-------------------------------------------
     0 | D:1      | zlopeckanka the Vampire Earth Elementalist began the quest
                  | for the Orb.
     0 | D:1      | Reached XP level 1. HP: 13/13 MP: 3/3
   325 | D:1      | Reached XP level 2. HP: 4/19 MP: 5/5
   558 | D:1      | You fall into a shaft and drop 1 floor!
   857 | D:1      | Reached XP level 3. HP: 22/24 MP: 6/6
  1221 | D:1      | Reached skill level 4 in Earth Magic
  1354 | D:2      | Found a basalt altar of Yredelemnul.
  1387 | D:2      | Found a shimmering altar of Xom.
  1388 | D:2      | Found a shimmering altar of Xom.
  1388 | D:2      | Found a shimmering altar of Xom.
  1511 | D:2      | Found Zin's Purification Station.
  1511 | D:2      | Found a glowing silver altar of Zin.
  1550 | D:2      | Reached XP level 4. HP: 30/30 MP: 6/8
  2076 | D:3      | Found an ornate altar of the Wu Jian Council.
  2248 | D:3      | Found a shattered altar of Ashenzari.
  2253 | D:3      | Found a transporter.
  2277 | D:3      | Found a transporter.
  2340 | D:3      | Reached skill level 5 in Earth Magic
  2391 | D:3      | Learned a level 3 spell: Stone Arrow
  2507 | D:3      | Reached XP level 5. HP: 34/35 MP: 9/9
  3101 | D:3      | Reached XP level 6. HP: 20/41 MP: 4/11
  3103 | D:3      | Reached skill level 6 in Earth Magic
  3126 | D:3      | Became a worshipper of Ashenzari the Shackled
  3361 | D:4      | Found a stormy altar of Qazlal.
  3852 | D:4      | Found a runed translucent door.
  3853 | D:4      | Noticed Crazy Yiuf
  4018 | D:4      | Killed Crazy Yiuf
  4018 | D:4      | Reached XP level 7. HP: 10/46 MP: 8/13
  4221 | D:5      | Entered Level 5 of the Dungeon
  4221 | D:5      | Found a hide-covered altar of Uskayaw.
  4226 | D:5      | Reached skill level 7 in Earth Magic
  4340 | D:5      | Found a sacrificial altar of Ru.
  4355 | D:5      | Found a shadowy altar of Dithmenos.
  4424 | D:5      | Noticed Prince Ribbit
  4485 | D:5      | Killed Prince Ribbit
  4485 | D:5      | Reached skill level 5 in Spellcasting
  4485 | D:5      | Reached skill level 8 in Earth Magic
  4485 | D:5      | Reached XP level 8. HP: 52/52 MP: 10/15
  4486 | D:5      | Found a bloodstained altar of Trog.
  4730 | D:5      | Reached * piety under Ashenzari
  4797 | D:5      | Found a runed translucent door.
  4803 | D:5      | Noticed releu's ghost (novice GrFi)
  4822 | D:5      | Mangled by releu's ghost

Levels and vault maps discovered:
D:1:      saegor_arrival_under_anarchy, layout_basic
D:2:      layout_basic, zin_purify, yredelemnul_altar_generic, xom_redecorated
D:3:      layout_loops_corners, gammafunk_temple_overflow_arena,
          marbit_many_paths, first_ration
D:4:      layout_gridville, grunt_qazlal_clouds, abandoned_shop,
          uniq_crazy_yiuf_cottage
D:5:      layout_basic, lemuel_doored_altar,
          nicolae_ru_great_annihilating_truth,
          chequers_temple_overflow_statue_of_worship, overflow_temple_1_default,
          ebering_ghost_sewer_d, minmay_misc_feat_tower, uniq_prince_ribbit1

Skill      XL: |  1  2  3  4  5  6  7 |
---------------+----------------------+-----
Earth Magic    | 4 5 6 8 |  8.8
Spellcasting   | 3 4 5 |  5.5
Dodging        | |  2.1
Stealth        | |  3.0
Transmutations | |  1.1

Action                   |  1- 3 |  4- 6 |  7- 9 || total
-------------------------+-------+-------+-------++-------
Melee: Hand axe          |   105 |   153 |    81 ||   339
       Bite              |    10 |    13 |     8 ||    31
Throw: Stone             |     9 |     1 |       ||    10
       Dart              |       |     5 |    23 ||    28
 Cast: Sandblast         |    21 |    69 |    43 ||   133
 Stab: Sleeping          |     4 |     5 |       ||     9
       Distracted        |     1 |       |       ||     1
       Paralysed         |       |       |     4 ||     4
Armor: Robe              |    37 |    51 |    30 ||   118
Dodge: Dodged            |   116 |   154 |    85 ||   355
